 Dungeon Crawl Stone Soup version 0.26-a0-639-g72c4674329 (webtiles) character file.

Game seed: 12569872544196902025

355 Colgate the Insei (level 6, 53/53 HPs)
             Began as a Gnoll Chaos Knight on Sept 16, 2020.
             Was a Plaything of Xom.
             Quit the game on level 4 of the Dungeon.
             The game lasted 00:29:00 (3599 turns).

Colgate the Insei (Gnoll Chaos Knight)              Turns: 3599, Time: 00:29:01

Health: 53/53      AC:  6    Str: 14    XL:     6   Next: 63%
Magic:  9/9        EV: 13    Int: 16    God:    Xom [..*...]
Gold:   131        SH:  0    Dex: 15    Spells: 9/9 levels left

rFire    . . .     SeeInvis .   a - +1 dagger (holy)
rCold    . . .     Faith    .   (no shield)
rNeg     . . .     Spirit   .   o - +2 leather armour
rPois    .         Reflect  .   (no helmet)
rElec    .         Harm     .   l - +0 cloak
rCorr    .         Rampage  .   (no gloves)
MR       .....                  (no boots)
Stlth    ++........             (no amulet)
HPRegen  0.17/turn              e - ring of wizardry
MPRegen  0.11/turn              (no ring)

@: no status effects
A: distributed training, fangs 1, strong nose
a: Renounce Religion


You were on level 4 of the Dungeon.
You worshipped Xom.
You were a toy of Xom.
You visited 1 branch of the dungeon, and saw 4 of its levels.

You collected 131 gold pieces.

Inventory:

Hand Weapons
 a - a +1 dagger of holy wrath (weapon)
 b - a +3 quarterstaff of chaos
 q - a cursed +0 hunting sling
 r - a +1 vampiric dagger
Missiles
 c - 112 stones (quivered)
 h - 21 sling bullets
Armour
 f - a +0 scale mail
 l - a +0 cloak (worn)
 o - a +2 leather armour (worn)
Jewellery
 e - a ring of wizardry (left hand)
Scrolls
 d - a scroll of blinking {unknown}
 i - 6 scrolls of remove curse {unknown}
 j - 3 scrolls of identify {unknown}
 m - a scroll of immolation {unknown}
 n - a scroll of fear {unknown}
 s - a scroll of enchant armour {unknown}
 u - a scroll of amnesia {unknown}
Potions
 g - a potion of mutation {unknown}
 k - a potion of curing {unknown}
 p - a potion of haste {unknown}
 t - a potion of might {unknown}


   Skills:
 + Level 6.8 Fighting
 + Level 2.0 Short Blades
 + Level 2.0 Long Blades
 + Level 2.0 Axes
 + Level 2.0 Maces & Flails
 + Level 2.0 Polearms
 + Level 2.0 Staves
 + Level 2.0 Slings
 + Level 2.0 Bows
 + Level 2.0 Crossbows
 + Level 2.0 Throwing
 + Level 5.0 Armour
 + Level 3.3 Dodging
 + Level 2.0 Stealth
 + Level 2.0 Shields
 + Level 6.8 Unarmed Combat
 + Level 2.0 Spellcasting
 + Level 1.6 Conjurations
 + Level 1.6 Hexes
 + Level 1.6 Summonings
 + Level 1.6 Necromancy
 + Level 1.6 Translocations
 + Level 1.6 Transmutations
 + Level 1.6 Fire Magic
 + Level 1.6 Ice Magic
 + Level 1.6 Air Magic
 + Level 1.6 Earth Magic
 + Level 1.6 Poison Magic
 + Level 2.2 Invocations
 + Level 2.0 Evocations


You had 9 spell levels left.
You didn't know any spells.
Your spell library contained the following spells:

 Spells                   Type           Power        Failure   Level
 Animate Skeleton         Necr           #.....       5%          1
 Pain                     Necr           #...         5%          1
 Vampiric Draining        Necr           #.........   16%         3
 Animate Dead             Necr           #.........   45%         4
 Agony                    Necr           #.......     78%         5


Dungeon Overview and Level Annotations

Branches:
Dungeon (4/15)             Temple (0/1) D:4

Altars:


Innate Abilities, Weirdness & Mutations

Your experience applies equally to all skills.
You have very sharp teeth.
Your uncanny sense of smell can sniff out nearby items.


Message History

You feel a bit more experienced.
Your +1 dagger of holy wrath softly glows with a divine radiance!
a - a +1 dagger of holy wrath (weapon)
You feel sick.
Magic restored.
You feel sick.
You feel sick.
You feel sick.
You feel sick.
You are no longer poisoned.
You now have 131 gold pieces (gained 11). "Let's try an experiment, hmmm?"
Your cloak billows in an unfelt wind.
c - 112 stones (gained 25)
Found an escape hatch in the floor.
You pick up a book of Necromancy and begin reading...
You add the spells Pain, Animate Skeleton, Vampiric Draining, Animate Dead and Agony to your library.
Okay, then.
Unknown command.
Are you sure you want to abandon this character and quit the game? (Confirm with "yes".)

..##......###
.........#. #.........
##........ ........
#....> ... #...# ...
#.@## ..# ##..# ##.##
#..# .# ###...# #..###
..##.#...#####....##...
.......................
....#..........###.....
.............#...#
#....
...........###...# ....


There were no monsters in sight!

Vanquished Creatures
  An ogre (D:4)
  A bullfrog skeleton (D:4)
  Crazy Yiuf (D:2)
  2 worker ants (D:4)
  2 adders
  3 gnolls (D:2)
  2 oozes
  A worm (D:2)
  3 dart slugs
  2 leopard geckos
  3 giant cockroaches
  7 goblins
  15 hobgoblins
  4 jackals (D:2)
  10 bats
  7 frilled lizards
  4 kobolds
  A leopard gecko skeleton (D:4)
  6 rats
75 creatures vanquished.

Notes
Turn   | Place    | Note
-------+----------+-------------------------------------------
     0 | D:1      | Colgate the Gnoll Chaos Knight began the quest for the Orb.
     0 | D:1      | Reached XP level 1. HP: 23/23 MP: 1/1
     6 | D:1      | Noticed a redback
     6 | D:1      | Noticed a salamander
     7 | D:1      | Noticed a polar bear
    67 | D:1      | Reached XP level 2. HP: 27/29 MP: 2/2
   469 | D:1      | XOM: noise
   481 | D:1      | Reached XP level 3. HP: 35/35 MP: 3/3
   962 | D:2      | Reached skill level 1 in Invocations
  1040 | D:2      | XOM is BORED!
  1040 | D:2      | XOM: chaos upgrade
  1100 | D:2      | Reached skill level 1 in Short Blades
  1100 | D:2      | Reached skill level 1 in Long Blades
  1100 | D:2      | Reached skill level 1 in Axes
  1100 | D:2      | Reached skill level 1 in Maces & Flails
  1100 | D:2      | Reached skill level 1 in Polearms
  1100 | D:2      | Reached skill level 1 in Staves
  1100 | D:2      | Reached skill level 1 in Slings
  1100 | D:2      | Reached skill level 1 in Bows
  1100 | D:2      | Reached skill level 1 in Crossbows
  1100 | D:2      | Reached skill level 1 in Throwing
  1100 | D:2      | Reached skill level 1 in Stealth
  1100 | D:2      | Reached skill level 1 in Shields
  1100 | D:2      | Reached skill level 1 in Spellcasting
  1100 | D:2      | Reached skill level 1 in Evocations
  1267 | D:2      | XOM: cloud trail
  1288 | D:2      | Reached XP level 4. HP: 40/41 MP: 5/5
  1307 | D:2      | Found a runed translucent door.
  1308 | D:2      | Noticed Crazy Yiuf
  1314 | D:2      | XOM: potion effect (heal wounds)
  1328 | D:2      | Killed Crazy Yiuf
  1587 | D:2      | XOM: divination: detect items
  1750 | D:2      | Reached skill level 1 in Conjurations
  1750 | D:2      | Reached skill level 1 in Hexes
  1750 | D:2      | Reached skill level 1 in Summonings
  1750 | D:2      | Reached skill level 1 in Necromancy
  1750 | D:2      | Reached skill level 1 in Translocations
  1750 | D:2      | Reached skill level 1 in Transmutations
  1750 | D:2      | Reached skill level 1 in Fire Magic
  1750 | D:2      | Reached skill level 1 in Ice Magic
  1750 | D:2      | Reached skill level 1 in Air Magic
  1750 | D:2      | Reached skill level 1 in Earth Magic
  1750 | D:2      | Reached skill level 1 in Poison Magic
  2171 | D:2      | XOM: divination: magic mapping
  2222 | D:2      | Reached XP level 5. HP: 47/47 MP: 6/6
  2418 | D:2      | XOM: silly message
  2459 | D:2      | XOM: cloud trail
  3333 | D:4      | Noticed an ogre
  3336 | D:4      | XOM: noise
  3342 | D:4      | Killed an ogre
  3342 | D:4      | Reached XP level 6. HP: 53/53 MP: 8/8
  3424 | D:4      | Found a staircase to the Ecumenical Temple.
  3472 | D:4      | Reached skill level 5 in Armour
  3571 | D:4      | XOM: silly message
  3599 | D:4      | Quit the game

Illustrated notes

Levels and vault maps discovered:
D:1:      onia_arrival_zoo_common, layout_basic, minmay_pentomino_s2
D:2:      layout_loops_cross, uniq_crazy_yiuf_cottage
D:3:      layout_basic, minmay_misc_feat_encased
D:4:      layout_layer_cave, minmay_temple_entry_grid, serial_shops,
          nicolae_shop_statue_plus, nrook_campfire, amethyst_killhole

Skill      XL: |  1  2  3  4  5  6 |
---------------+-------------------+-----
Invocations    | 1 2 |  2.2
Short Blades   | 1 2 |  2.0
Long Blades    | 1 2 |  2.0
Axes           | 1 2 |  2.0
Maces & Flails | 1 2 |  2.0
Polearms       | 1 2 |  2.0
Staves         | 1 2 |  2.0
Slings         | 1 2 |  2.0
Bows           | 1 2 |  2.0
Crossbows      | 1 2 |  2.0
Throwing       | 1 2 |  2.0
Stealth        | 1 2 |  2.0
Shields        | 1 2 |  2.0
Spellcasting   | 1 2 |  2.0
Evocations     | 1 2 |  2.0
Conjurations   | 1 |  1.6
Hexes          | 1 |  1.6
Summonings     | 1 |  1.6
Necromancy     | 1 |  1.6
Translocations | 1 |  1.6
Transmutations | 1 |  1.6
Fire Magic     | 1 |  1.6
Ice Magic      | 1 |  1.6
Air Magic      | 1 |  1.6
Earth Magic    | 1 |  1.6
Poison Magic   | 1 |  1.6
Dodging        | 3 |  3.3
Armour         | 5 |  5.0
Fighting       | |  6.8
Unarmed Combat | |  6.8

Action                   |  1- 3 |  4- 6 || total
-------------------------+-------+-------++-------
Melee: Unarmed           |   131 |    18 ||   149
       Bite              |     9 |    11 ||    20
       Punch             |     2 |       ||     2
       Quarterstaff      |       |    70 ||    70
       Dagger            |       |     4 ||     4
Throw: Stone             |    66 |    60 ||   126
 Stab: Sleeping          |     3 |     1 ||     4
Armor: Leather armour    |    29 |    28 ||    57
Dodge: Dodged            |    55 |    61 ||   116

Table legend: (Time is in decaauts)
 A = Elapsed time spent in this place.
 B = Non-inter-level travel time spent in this place.
 C = Inter-level travel time spent in this place.
 D = Time resting spent in this place.
 E = Time spent auto-exploring this place.
 F = Levels seen in this place.
 G = Mean time per level.
                   A        B        C        D        E       F      G
               +--------+--------+--------+--------+--------+-----+--------+
         Total |   3588 |   3408 |    180 |    239 |   2519 |   4 |  897.0 |
       Dungeon |   3588 |   3408 |    180 |    239 |   2519 |   4 |  897.0 |
               +--------+--------+--------+--------+--------+-----+--------+

Top non-repeatable levels by time:
     D:2: 1484 daAuts
     D:1: 1122 daAuts
     D:3: 708 daAuts
     D:4: 273 daAuts
